MLB
ATLANTA BRAVES @ ST. LOUIS CARDINALS
02/26/2020
 
TOP OF THE 1ST
Atlanta Braves batting - Pitching for St. Louis Cardinals : RHP Mitch Keller
Pitching: RHP Mitch Keller
Batting: RHB Ronald Acuna Jr. 0-0: Ball
1-0: Foul Ball, location: 2F
1-1: Ball
2-1: Swinging Strike
2-2: Ball
3-2: Base on Balls
Batting: LHB Luis Arraez 0-0: Ball
1-0: Ball
2-0: Called Strike
2-1: Swinging Strike
2-2: Ball
Ronald Acuna Jr. is caught stealing 2nd base 2-6
3-2: Ground out U3 (Groundball, 3, EV 85.6 MPH)
Batting: RHB Vladimir Guerrero Jr. 0-0: Fly out, F4 (Popup, 4MD, EV 68.1 MPH)
Top of the 1st over - 0 runs, 0 hits, 0 errors, 0 left on base; Atlanta 0 - St. Louis 0
BOTTOM OF THE 1ST
St. Louis Cardinals batting - Pitching for Atlanta Braves : RHP Stephen Strasburg
Pitching: RHP Stephen Strasburg
Batting: SHB Ozzie Albies 0-0: Called Strike
0-1: Fly out, F8 (Line Drive, 8RM, EV 103.1 MPH)
Batting: LHB Austin Meadows 0-0: Called Strike
0-1: Ball
1-1: Called Strike
1-2: Strikes out looking
Batting: LHB Juan Soto 0-0: Fly out, F7 (Line Drive, 7D, EV 89.4 MPH)
Bottom of the 1st over - 0 runs, 0 hits, 0 errors, 0 left on base; Atlanta 0 - St. Louis 0
TOP OF THE 2ND
Atlanta Braves batting - Pitching for St. Louis Cardinals : RHP Mitch Keller
Batting: LHB Yordan Alvarez 0-0: Ball
1-0: Ball
2-0: Ball
3-0: Called Strike
3-1: Base on Balls
Batting: LHB Freddie Freeman 0-0: Ball
Wild Pitch!
Yordan Alvarez to second
1-0: Foul Ball, location: 2F
1-1: Foul Ball, location: 2F
1-2: Ball
2-2: Ball
3-2: Strikes out swinging
Batting: RHB Yasiel Puig 0-0: Called Strike
0-1: Ball
1-1: Foul Ball, location: 2F
1-2: Strikes out swinging
Batting: LHB Corey Seager 0-0: Ball
1-0: Foul Ball, location: 2F
1-1: Ball
Wild Pitch!
Yordan Alvarez to third
2-1: SINGLE (Groundball, 4MD, EV 108.1 MPH)
Yordan Alvarez scores
Batting: RHB Jorge Alfaro 0-0: Ball
1-0: Ball
2-0: Foul Ball, location: 2F
2-1: Ball
3-1: Swinging Strike
3-2: Strikes out looking
Top of the 2nd over - 1 run, 1 hit, 0 errors, 1 left on base; Atlanta 1 - St. Louis 0
BOTTOM OF THE 2ND
St. Louis Cardinals batting - Pitching for Atlanta Braves : RHP Stephen Strasburg
Batting: RHB Alex Bregman 0-0: Ball
1-0: Foul Ball, location: 2F
1-1: Swinging Strike
1-2: Ball
2-2: Foul Ball, location: 2F
2-2: Ball
3-2: Ground out 6-3 (Groundball, 6S, EV 78.8 MPH)
Batting: LHB Matt Olson 0-0: Ball
1-0: Reached on error, E3 (Groundball, 34, EV 89.4 MPH)
Batting: SHB Yasmani Grandal 0-0: Called Strike
0-1: Foul Ball, location: 2F
0-2: Ball
1-2: Foul Ball, location: 2F
1-2: Ball
2-2: Foul Ball, location: 2F
2-2: Foul Ball, location: 7LSF, Error on foul ball, E7
2-2: Strikes out looking
Batting: RHB Harrison Bader 0-0: Ball
1-0: Ball
2-0: Ball
3-0: Base on Balls
Matt Olson to second
Batting: RHB Luis Urias 0-0: Foul Ball, location: 2F
0-1: Ball
1-1: Swinging Strike
1-2: Strikes out swinging
Bottom of the 2nd over - 0 runs, 0 hits, 2 errors, 2 left on base; Atlanta 1 - St. Louis 0
TOP OF THE 3RD
Atlanta Braves batting - Pitching for St. Louis Cardinals : RHP Mitch Keller
Batting: RHB Stephen Strasburg 0-0: Foul Ball, location: 2F
0-1: Ball
1-1: Called Strike
1-2: Foul Ball, location: 2F
1-2: Strikes out looking
Batting: RHB Ronald Acuna Jr. 0-0: Ball
1-0: Ball
2-0: Swinging Strike
2-1: Swinging Strike
2-2: Fly out, F4 (Popup, 34, EV 65.6 MPH)
Batting: LHB Luis Arraez 0-0: Swinging Strike
0-1: Ground out 2-3 (Groundball, 2R, EV 68.8 MPH)
Top of the 3rd over - 0 runs, 0 hits, 0 errors, 0 left on base; Atlanta 1 - St. Louis 0
BOTTOM OF THE 3RD
St. Louis Cardinals batting - Pitching for Atlanta Braves : RHP Stephen Strasburg
Batting: RHB Mitch Keller 0-0: Ball
1-0: Foul Ball, location: 2F
1-1: Ground out 4-3 (Groundball, 4, EV 106.3 MPH)
Batting: SHB Ozzie Albies 0-0: DOUBLE (Line Drive, 89D, EV 102.5 MPH)
Batting: LHB Austin Meadows 0-0: Foul Ball, location: 2F
0-1: Ball
1-1: Ball
2-1: Fly out, F7 (Flyball, 78D, EV 92.5 MPH)
Batting: LHB Juan Soto 0-0: Ball
1-0: Swinging Strike
1-1: Foul Ball, location: 2F
1-2: Strikes out swinging
Bottom of the 3rd over - 0 runs, 1 hit, 0 errors, 1 left on base; Atlanta 1 - St. Louis 0
TOP OF THE 4TH
Atlanta Braves batting - Pitching for St. Louis Cardinals : RHP Mitch Keller
Batting: RHB Vladimir Guerrero Jr. 0-0: Swinging Strike
0-1: Foul Ball, location: 2F
0-2: Foul Ball, location: 2F
0-2: Strikes out looking
Batting: LHB Yordan Alvarez 0-0: SOLO HOME RUN (Line Drive, 9LD, EV 102.5 MPH), Distance : 356 ft
Batting: LHB Freddie Freeman 0-0: Ball
1-0: Fly out, F6 (Popup, 6MD, EV 44.4 MPH)
Batting: RHB Yasiel Puig 0-0: DOUBLE (Flyball, 78D, EV 93.8 MPH)
Batting: LHB Corey Seager 0-0: Ball
1-0: Fly out, F7 (Flyball, 7, EV 95.0 MPH)
Top of the 4th over - 1 run, 2 hits, 0 errors, 1 left on base; Atlanta 2 - St. Louis 0
BOTTOM OF THE 4TH
St. Louis Cardinals batting - Pitching for Atlanta Braves : RHP Stephen Strasburg
Batting: RHB Alex Bregman 0-0: Ball
1-0: Ground out 6-3 (Groundball, 6, EV 106.9 MPH)
Batting: LHB Matt Olson 0-0: Called Strike
0-1: SINGLE (Groundball, 34D, EV 108.1 MPH)
Batting: SHB Yasmani Grandal 0-0: SINGLE (Line Drive, 8RS, EV 96.9 MPH)
Matt Olson to second
Batting: RHB Harrison Bader 0-0: Ball
1-0: Swinging Strike
1-1: Fielders Choice at 2nd, 5-4 (Groundball, 5, EV 90.0 MPH)
Matt Olson to third
Batting: RHB Luis Urias 0-0: Ball
1-0: Swinging Strike
1-1: Ball
2-1: Ball
3-1: Called Strike
3-2: Ground out 4-3 (Groundball, 34, EV 86.9 MPH)
Bottom of the 4th over - 0 runs, 2 hits, 0 errors, 2 left on base; Atlanta 2 - St. Louis 0
TOP OF THE 5TH
Atlanta Braves batting - Pitching for St. Louis Cardinals : RHP Mitch Keller
Pitching: LHP Jose Alvarez
Batting: RHB Jorge Alfaro 0-0: Called Strike
0-1: Ball
1-1: Called Strike
1-2: SINGLE (Groundball, 6D, EV 104.4 MPH)
Pinch Hitting: RHB Miguel Sano 0-0: Fly out, F7 (Line Drive, 7D, EV 91.3 MPH)
Batting: RHB Ronald Acuna Jr. 0-0: Foul Ball, location: 2F
0-1: Called Strike
0-2: Foul Ball, location: 2F
0-2: Ball
1-2: Strikes out swinging
Batting: LHB Luis Arraez 0-0: Fielders Choice at 2nd, U6 (Groundball, 6M, EV 101.9 MPH)
Top of the 5th over - 0 runs, 1 hit, 0 errors, 1 left on base; Atlanta 2 - St. Louis 0
BOTTOM OF THE 5TH
St. Louis Cardinals batting - Pitching for Atlanta Braves : RHP Stephen Strasburg
Pitching: RHP Adam Plutko
Batting: LHB Jose Alvarez 0-0: Fly out, F5 (Popup, 5, EV 73.8 MPH)
Batting: SHB Ozzie Albies 0-0: Ball
1-0: Ball
2-0: Foul Ball, location: 2F
2-1: Ball
3-1: Called Strike
3-2: Strikes out looking
Batting: LHB Austin Meadows 0-0: Called Strike
0-1: Fly out, F9 (Flyball, 9LM, EV 83.8 MPH)
Bottom of the 5th over - 0 runs, 0 hits, 0 errors, 0 left on base; Atlanta 2 - St. Louis 0
TOP OF THE 6TH
Atlanta Braves batting - Pitching for St. Louis Cardinals : LHP Jose Alvarez
Batting: RHB Vladimir Guerrero Jr. 0-0: Ball
1-0: Ball
2-0: Ball
3-0: Base on Balls
Batting: LHB Yordan Alvarez 0-0: Ball
1-0: Fielders Choice at 2nd, 4-6 (Groundball, 4, EV 81.3 MPH)
Batting: LHB Freddie Freeman 0-0: Called Strike
0-1: SINGLE (Line Drive, 89M, EV 90.0 MPH)
Yordan Alvarez to second
Runner from 2nd tries for 3rd, SAFE, throw by CF made to third
Freddie Freeman to second
Batting: RHB Yasiel Puig 0-0: Foul Ball, location: 2F
0-1: Ball
1-1: Swinging Strike
1-2: Foul Ball, location: 2F
1-2: SINGLE (Groundball, 56D, EV 110.0 MPH)
Yordan Alvarez scores
Freddie Freeman to third
Batting: LHB Corey Seager 0-0: Ball
1-0: Ball
2-0: Fly out, F4 (Popup, 4, EV 59.4 MPH)
Batting: RHB Jorge Alfaro 0-0: Ball
1-0: Foul Ball, location: 2F
1-1: Foul Ball, location: 2F
1-2: Strikes out swinging
Top of the 6th over - 1 run, 2 hits, 0 errors, 2 left on base; Atlanta 3 - St. Louis 0
BOTTOM OF THE 6TH
St. Louis Cardinals batting - Pitching for Atlanta Braves : RHP Adam Plutko
Batting: LHB Juan Soto 0-0: Called Strike
0-1: Fly out, F8 (Flyball, 78XD, EV 106.3 MPH)
Batting: RHB Alex Bregman 0-0: Ball
1-0: Ball
2-0: Ball
3-0: Called Strike
3-1: Reached on error, E4 (Groundball, 6M, EV 103.8 MPH)
Batting: LHB Matt Olson 0-0: Called Strike
0-1: Called Strike
Alex Bregman steals 2nd base
0-2: Ball
1-2: Fly out, F8 (Flyball, 8LXD, EV 94.4 MPH)
Runner from 2nd tags up, SAFE at 3rd, no throw by CF
Batting: SHB Yasmani Grandal 0-0: Called Strike
0-1: Ball
1-1: Swinging Strike
1-2: Foul Ball, location: 2F
1-2: Ball
2-2: Ball
3-2: SINGLE (Line Drive, 89S, EV 89.4 MPH)
Alex Bregman scores
Batting: RHB Harrison Bader 0-0: Foul Ball, location: 2F
0-1: Foul Ball, location: 2F
0-2: Ball
1-2: Ball
2-2: Ball
3-2: Strikes out swinging
Bottom of the 6th over - 1 run, 1 hit, 1 error, 1 left on base; Atlanta 3 - St. Louis 1
TOP OF THE 7TH
Atlanta Braves batting - Pitching for St. Louis Cardinals : LHP Jose Alvarez
Pinch Hitting: LHB Mallex Smith 0-0: Swinging Strike
0-1: Swinging Strike
0-2: Ball
1-2: Ball
2-2: Foul Ball, location: 2F
2-2: Foul Ball, location: 2F
2-2: Strikes out swinging
Pitching: RHP Erick Fedde
Pinch Hitting: LHB Julio Pablo Martinez 0-0: Ball
1-0: Ball
2-0: Ball
3-0: Called Strike
3-1: Ground out 6-3 (Groundball, 6M, EV 100.6 MPH)
Pinch Hitting: RHB Addison Russell 0-0: Ball
1-0: Swinging Strike
1-1: Ball
2-1: Swinging Strike
2-2: Strikes out swinging
Top of the 7th over - 0 runs, 0 hits, 0 errors, 0 left on base; Atlanta 3 - St. Louis 1
BOTTOM OF THE 7TH
St. Louis Cardinals batting - Pitching for Atlanta Braves : RHP Adam Plutko
Pitching: LHP Brent Suter
Now at 2B: Franklin Barreto
Now in CF: Julio Pablo Martinez
Batting: RHB Luis Urias 0-0: Ball
1-0: DOUBLE (Line Drive, 9LS, EV 106.9 MPH)
Pinch Hitting: RHB Jose Alberto Martinez 0-0: Called Strike
0-1: SINGLE (Groundball, 4MD, EV 105.0 MPH)
Luis Urias to third
Runner from 3rd tries for Home, SAFE, throw by CF to home
Jose Alberto Martinez to second
Pinch Hitting: SHB Domingo Leyba 0-0: SINGLE (Flyball, 8RS, EV 85.6 MPH)
Jose Alberto Martinez to third
Runner from 3rd tries for Home, SAFE, throw by CF to home
Pinch Hitting: LHB Brett Phillips 0-0: Ball
1-0: DOUBLE (Flyball, 78XD, EV 93.8 MPH)
Domingo Leyba to third
Pinch Hitting: RHB Taylor Ward 0-0: Ground out 5-3 (Groundball, 5L, EV 86.9 MPH)
Pinch Hitting: RHB Hernan Perez 0-0: Swinging Strike
0-1: Foul Ball, location: 2F
0-2: Strikes out swinging
Batting: LHB Matt Olson 0-0: Ball
1-0: Foul Ball, location: 2F
1-1: Foul Ball, location: 2F
1-2: Strikes out swinging, 2-3 out at first.
Bottom of the 7th over - 2 runs, 4 hits, 0 errors, 2 left on base; Atlanta 3 - St. Louis 3
TOP OF THE 8TH
Atlanta Braves batting - Pitching for St. Louis Cardinals : RHP Erick Fedde
Pitching: RHP Peter Lambert
Now at 2B: Domingo Leyba
Now at 3B: Taylor Ward
Now in LF: Hernan Perez
Now in RF: Brett Phillips
Pinch Hitting: RHB Kevin Cron 0-0: Ball
1-0: Ball
2-0: SINGLE (Line Drive, 9S, EV 106.9 MPH)
Pinch Hitting: RHB Michael Lorenzen 0-0: Swinging Strike
0-1: Ball
1-1: Fly out, F8 (Line Drive, 8RD, EV 95.6 MPH)
Batting: LHB Freddie Freeman 0-0: Called Strike
0-1: Called Strike
0-2: Ball
1-2: Strikes out looking
Batting: RHB Yasiel Puig 0-0: Swinging Strike
0-1: Ball
1-1: Fly out, F8 (Line Drive, 78D, EV 105.0 MPH)
Top of the 8th over - 0 runs, 1 hit, 0 errors, 1 left on base; Atlanta 3 - St. Louis 3
BOTTOM OF THE 8TH
St. Louis Cardinals batting - Pitching for Atlanta Braves : LHP Brent Suter
Now at 3B: Kevin Cron
Now in LF: Michael Lorenzen
Batting: SHB Yasmani Grandal 0-0: Ground out 5-3 (Groundball, 56, EV 108.8 MPH)
Pinch Hitting: RHB Jahmai Jones 0-0: Ball
1-0: Called Strike
1-1: Swinging Strike
1-2: Strikes out swinging
Pinch Hitting: SHB Cole Tucker 0-0: Ball
1-0: Called Strike
1-1: Ball
2-1: Foul Ball, location: 2F
2-2: Strikes out swinging
Bottom of the 8th over - 0 runs, 0 hits, 0 errors, 0 left on base; Atlanta 3 - St. Louis 3
TOP OF THE 9TH
Atlanta Braves batting - Pitching for St. Louis Cardinals : RHP Peter Lambert
Now at SS: Cole Tucker
Now in CF: Jahmai Jones
Pinch Hitting: SHB Wander Samuel Franco 0-0: Ball
1-0: Called Strike
1-1: Ball
2-1: Fly out, F4 (Popup, 4D, EV 53.1 MPH)
Pinch Hitting: RHB Alex Jackson 0-0: Ball
1-0: Foul Ball, location: 2F
1-1: Ball
2-1: Foul Ball, location: 2F
2-2: Ball
3-2: Strikes out looking
Batting: RHB Franklin Barreto 0-0: Foul Ball, location: 2F
0-1: Foul Ball, location: 2F
0-2: Foul Ball, location: 2F
0-2: Foul Ball, location: 2F
0-2: Ball
1-2: Foul Ball, location: 2F
1-2: Fly out, F7 (Flyball, 78M, EV 91.3 MPH)
Top of the 9th over - 0 runs, 0 hits, 0 errors, 0 left on base; Atlanta 3 - St. Louis 3
BOTTOM OF THE 9TH
St. Louis Cardinals batting - Pitching for Atlanta Braves : LHP Brent Suter
Now at C: Alex Jackson
Now at SS: Wander Samuel Franco
Pinch Hitting: RHB Yan Gomes 0-0: Fly out, F4 (Flyball, 4D, EV 85.6 MPH)
Batting: SHB Domingo Leyba 0-0: Swinging Strike
0-1: Ground out 1-3 (Groundball, 15S, EV 66.9 MPH)
Pinch Hitting: RHB Nick Senzel 0-0: Called Strike
0-1: Ball
1-1: Ball
2-1: Ball
3-1: Base on Balls
Batting: RHB Taylor Ward 0-0: Called Strike
0-1: Ball
1-1: Foul Ball, location: 2F
1-2: Strikes out swinging
Bottom of the 9th over - 0 runs, 0 hits, 0 errors, 1 left on base; Atlanta 3 - St. Louis 3
TOP OF THE 10TH
Atlanta Braves batting - Pitching for St. Louis Cardinals : RHP Peter Lambert
Pitching: LHP Andrew Miller
Now in LF: Jason Martin
Batting: LHB Julio Pablo Martinez 0-0: Swinging Strike
0-1: Called Strike
0-2: Ball
1-2: Ball
2-2: Strikes out swinging
Batting: LHB Brent Suter 0-0: Called Strike
0-1: SINGLE (Groundball, 34D, EV 110.6 MPH)
Batting: RHB Kevin Cron 0-0: Called Strike
0-1: Ball
1-1: Fly out, F8 (Flyball, 8RM, EV 91.9 MPH)
Batting: RHB Michael Lorenzen 0-0: Fielders Choice at 2nd, 6-4 (Groundball, 6, EV 103.8 MPH)
Top of the 10th over - 0 runs, 1 hit, 0 errors, 1 left on base; Atlanta 3 - St. Louis 3
BOTTOM OF THE 10TH
St. Louis Cardinals batting - Pitching for Atlanta Braves : LHP Brent Suter
Pitching: RHP Chad Sobotka
Batting: RHB Hernan Perez 0-0: Ball
1-0: Ball
2-0: Ball
3-0: Called Strike
3-1: Base on Balls
Batting: LHB Matt Olson 0-0: Called Strike
0-1: Ball
1-1: Foul Ball, location: 2F
1-2: Ball
2-2: Ball
3-2: Strikes out swinging
Batting: SHB Yasmani Grandal 0-0: Foul Ball, location: 2F
0-1: Ball
1-1: Called Strike
1-2: Foul Ball, location: 2F
1-2: Fly out, F7 (Flyball, 7LS, EV 88.1 MPH)
Batting: RHB Jahmai Jones 0-0: Called Strike
0-1: Ball
1-1: Fly out, F3 (Popup, 3S, EV 80.0 MPH)
Bottom of the 10th over - 0 runs, 0 hits, 0 errors, 1 left on base; Atlanta 3 - St. Louis 3
TOP OF THE 11TH
Atlanta Braves batting - Pitching for St. Louis Cardinals : LHP Andrew Miller
Batting: LHB Freddie Freeman 0-0: Ball
1-0: Called Strike
1-1: Swinging Strike
1-2: Strikes out swinging
Batting: RHB Yasiel Puig 0-0: Called Strike
0-1: Ball
1-1: Called Strike
1-2: Ground out 6-3 (Groundball, 6, EV 110.6 MPH)
Batting: SHB Wander Samuel Franco 0-0: Ball
1-0: Fly out, F7 (Flyball, 78S, EV 90.0 MPH)
Top of the 11th over - 0 runs, 0 hits, 0 errors, 0 left on base; Atlanta 3 - St. Louis 3
BOTTOM OF THE 11TH
St. Louis Cardinals batting - Pitching for Atlanta Braves : RHP Chad Sobotka
Pitching: RHP Luke Jackson
Batting: SHB Cole Tucker 0-0: SINGLE (Groundball, 34D, EV 103.1 MPH) (infield hit)
Batting: LHB Jason Martin 0-0: Ball
1-0: Sac Bunt to 25 - play at first, batter OUT! 5-4
Cole Tucker to second
Batting: SHB Domingo Leyba 0-0: Ball
1-0: Foul Ball, location: 2F
1-1: Ball
2-1: Foul Ball, location: 2F
2-2: Ball
Wild Pitch!
Cole Tucker to third
3-2: Fly out, F8 (Flyball, 78M, EV 80.6 MPH)
Runner from 3rd tags up, SCORES, throw by CF
Bottom of the 11th over - 1 run, 1 hit, 0 errors, 0 left on base; Atlanta 3 - St. Louis 4
Friday, May 1st, 2020 - OOTP Baseball 21.3 Build 45